 Dungeon Crawl Stone Soup version 0.22-a0-21-g9421e3f (webtiles) character file.

812 Lanoc the Cudgeler (level 7, -3/70 HPs)
             Began as a Troll Berserker on Jan 2, 2018.
             Was a Priest of Trog.
             Slain by a sky beast (5 damage)
             ... on level 5 of the Dungeon.
             The game lasted 00:09:13 (3326 turns).

Lanoc the Cudgeler (Troll Berserker)                Turns: 3326, Time: 00:09:14

Health: -3/70      AC:  6    Str: 24 (26) XL:     7   Next: 61%
Magic:  6/6        EV: 17    Int:  0 (3)  God:    Trog [***...]
Gold:   225        SH:  0    Dex: 15 (16) Spells: 6/6 levels left

rFire    . . .     SeeInvis .   a - +0 mace
rCold    . . .     Gourm    +   (no shield)
rNeg     . . .     Faith    .   b - +1 animal skin
rPois    .         Spirit   .   (helmet restricted)
rElec    .         Reflect  .   o - scarf {repulsion}
rCorr    .         Harm     .   (gloves unavailable)
MR       .....                  (boots unavailable)
Stlth    ++........             r - amulet of magic regeneration
HPRegen  0.61/turn              (no ring)
MPRegen  0.35/turn              (no ring)

@: agile, lethally poisoned (-3 -> -3), berserk cooldown, flying, hasted and
slowed, lost intelligence, repel missiles
A: large, unfitting armour, claws 3, horns 1, fast metabolism 3, gourmand,
regeneration 1, shaggy fur 1, tough skin 2, wild magic 1
a: Berserk, Trog's Hand, Burn Spellbooks, Renounce Religion


You were on level 5 of the Dungeon.
You worshipped Trog.
Trog was most pleased with you.
You were full.

You visited 1 branch of the dungeon, and saw 5 of its levels.

You collected 225 gold pieces.

Inventory:

Hand Weapons
 a - a +0 mace (weapon)
 e - a +0 giant spiked club
Armour
 b - a +1 animal skin (worn)
 o - a scarf of repulsion (worn)
Jewellery
 r - an amulet of magic regeneration (around neck)
Scrolls
 d - a scroll of blinking {unknown}
 f - a scroll of identify
 i - a scroll of immolation {unknown}
 k - 2 scrolls of teleportation {unknown}
 m - 2 scrolls of magic mapping {unknown}
 n - 4 scrolls of remove curse
 p - a scroll of enchant armour
 s - a scroll of random uselessness {unknown}
 x - a scroll of fear {unknown}
Potions
 j - 3 potions of brilliance
 q - 2 potions of mutation
Comestibles
 c - 8 rations


   Skills:
 + Level 4.2 Fighting
 * Level 6.1 Maces & Flails
 + Level 1.2 Throwing
 + Level 4.2 Dodging


You had 6 spell levels left.
You didn't know any spells.

Dungeon Overview and Level Annotations

Branches:
Dungeon (5/15)
 Temple: D:4-7

Altars:
Cheibriados
Dithmenos
Fedhas
Kikubaaqudgha
Makhleb
Nemelex Xobeh
Qazlal
Ru
Xom

Shops:
D:4 *


Innate Abilities, Weirdness & Mutations

You are too large for most types of armour.
You have claws for hands.
Your metabolism is lightning-fast.
You like to eat raw meat.
Your natural rate of healing is unusually fast.
You are covered in fur. (AC +1)
You have very tough skin. (AC +2)
You have a pair of small horns on your head.
Your spells are a little harder to cast, but a little more powerful.


Message History

The worker ant bites you but does no damage. x2
Found 13 gold pieces.
You hit the worker ant but do no damage.
You headbutt the worker ant.
You kill the worker ant!
Trog accepts your kill.
You feel sick.
You hit the sky beast.
The sky beast is lightly wounded.
You feel sick. The sky beast hits you.
* * * LOW HITPOINT WARNING * * *
The sky beast shocks you.
* * * LOW HITPOINT WARNING * * *
You feel agile all of a sudden.
The sky beast hits you but does no damage.
You feel sick.
You feel sick. The sky beast hits you.
* * * LOW HITPOINT WARNING * * *
The sky beast shocks you.
You die...

#.. ###.....## ...
.. ..........
..##.###.#...!..#
...............#
..............#
..#.#........
#.#......###.#
##.###.#...........
........Y@<...###.#
#######.))...##
#.#+##.# .... ..#
...#.. #.# ....##.$
.. .?. .. #.# .Z.
... ..


You could see a sky beast and a centaur zombie (wandering).

Vanquished Creatures
  3 ogres
  A centaur (D:3)
  A scorpion (D:4)
  A howler monkey (D:4)
  A crimson imp (D:3)
  A bullfrog zombie (D:5)
  3 orc wizards
  2 worker ants (D:5)
  A howler monkey skeleton (D:4)
  8 adders
  4 oozes
  3 worms
  4 dart slugs (D:1)
  2 leopard geckos
  6 orcs
  11 bats
  2 giant cockroaches
  11 hobgoblins
  5 kobolds
  12 frilled lizards
  8 goblins
  7 rats
97 creatures vanquished.

Notes
Turn   | Place    | Note
-------+----------+-------------------------------------------
     0 | D:1      | Lanoc the Troll Berserker began the quest for the Orb.
     0 | D:1      | Reached XP level 1. HP: 22/22 MP: 0/0
    58 | D:1      | Reached skill level 3 in Maces & Flails
    99 | D:1      | Reached XP level 2. HP: 27/29 MP: 1/1
   412 | D:1      | Reached ** piety under Trog
   416 | D:1      | Reached XP level 3. HP: 36/36 MP: 2/2
   775 | D:2      | Reached XP level 4. HP: 38/44 MP: 3/3
  1399 | D:3      | Found a burning altar of Makhleb.
  1440 | D:3      | Reached skill level 4 in Maces & Flails
  1484 | D:3      | Reached *** piety under Trog
  1558 | D:3      | Reached XP level 5. HP: 53/53 MP: 4/4
  1759 | D:3      | Noticed a centaur
  1764 | D:3      | Killed a centaur
  1989 | D:3      | Found a faded altar of an unknown god.
  2395 | D:4      | Noticed an ogre
  2406 | D:4      | Killed an ogre
  2406 | D:4      | Reached skill level 5 in Maces & Flails
  2406 | D:4      | Reached XP level 6. HP: 42/61 MP: 5/5
  2439 | D:4      | Found Lufailo's General Store.
  2707 | D:4      | Found an ancient bone altar of Kikubaaqudgha.
  2708 | D:4      | Found a blossoming altar of Fedhas.
  2710 | D:4      | Found a snail-covered altar of Cheibriados.
  2711 | D:4      | Found a shadowy altar of Dithmenos.
  2711 | D:4      | Found a sparkling altar of Nemelex Xobeh.
  2712 | D:4      | Found a stormy altar of Qazlal.
  2712 | D:4      | Found a sacrificial altar of Ru.
  2717 | D:4      | Found a shimmering altar of Xom.
  2932 | D:4      | Reached XP level 7. HP: 60/68 MP: 6/6
  3257 | D:5      | Entered Level 5 of the Dungeon
  3293 | D:5      | Reached skill level 6 in Maces & Flails
  3293 | D:5      | Reached skill level 1 in Throwing
  3303 | D:5      | Gained mutation: Your spells are a little harder to cast, but a little more powerful. [potion of mutation]
  3303 | D:5      | Gained mutation: You have a pair of small horns on your head. [potion of mutation]
  3305 | D:5      | Lost intelligence.
  3326 | D:5      | HP: 3/70 [poisoned by an orc wizard]
  3326 | D:5      | Slain by a sky beast

Vault maps used:
D:1:      minmay_arrival_up_and_down
D:3:      makhleb_grotto_becter, chequers_ecumenical_altar_twisty, first_ration,
          grunt_ministairs_11, minmay_door_square
D:4:      grunt_temple_overflow_open, serial_shops, shop,
          hangedman_abyss_or_decor_jellyfish_corner
D:5:      marbit_many_paths, temple_pool_b, gup_sewer_entry_bowl

Skill      XL: |  1  2  3  4  5  6  7 |
---------------+----------------------+-----
Maces & Flails | 3 4 5 6 |  6.1
Fighting       | 3 4 |  4.2
Dodging        | 3 4 |  4.2
Throwing       | 1 |  1.2

Action                   |  1- 3 |  4- 6 |  7- 9 || total
-------------------------+-------+-------+-------++-------
Melee: Mace              |   101 |   216 |    51 ||   368
       Headbutt          |       |       |     3 ||     3
Invok: Berserk           |       |     1 |     2 ||     3
       Burn Spellbooks   |       |     1 |       ||     1
  Use: Scroll            |       |     7 |       ||     7
       Potion            |       |       |     9 ||     9
  Eat: Chunk             |     4 |    23 |     6 ||    33
       Ration            |       |     1 |       ||     1
Armor: Animal skin       |    37 |    74 |    24 ||   135
Dodge: Dodged            |    67 |   129 |    32 ||   228
       Deflected         |       |     2 |     2 ||     4

Table legend:
 A = Spawn XP
 B = Non-spawn XP
 C = Spawn XP percentage of total XP
 D = Spawn monster count
 E = Non-spawn monster count
 F = Spawn count percentage of total count
 G = Total turns spent on level
                    A         B        C        D         E        F      G
               +---------+---------+-------+---------+---------+-------+---------
         Total |       0 |    1160 |   0.0 |       0 |      97 |   0.0 |  3326
               +---------+---------+-------+---------+---------+-------+---------
           D:1 |       0 |      45 |   0.0 |       0 |      22 |   0.0 |   563
           D:2 |       0 |      87 |   0.0 |       0 |      23 |   0.0 |   772
           D:3 |       0 |     228 |   0.0 |       0 |      26 |   0.0 |  1048
           D:4 |       0 |     485 |   0.0 |       0 |      17 |   0.0 |   874
           D:5 |       0 |     315 |   0.0 |       0 |       9 |   0.0 |    69
               +---------+---------+-------+---------+---------+-------+---------
